 Dungeon Crawl Stone Soup version 0.27-a0-906-g0a00ce863d (webtiles) character file.

Game seed: 1990224508633576700

141 Zeld the Conjurer (level 5, -8/35 HPs)
             Began as an Octopode Conjurer on Apr 7, 2021.
             Was an Initiate of Vehumet.
             Killed from afar by an orc wizard (9 damage)
             ... with a puff of flame
             ... on level 3 of the Dungeon.
             The game lasted 00:06:09 (3414 turns).

Zeld the Conjurer (Octopode Conjurer)               Turns: 3414, Time: 00:06:10

Health: -8/35      AC:  1    Str:  6    XL:     5   Next: 24%
Magic:  2/9        EV: 13    Int: 22    God:    Vehumet [......]
Gold:   94         SH:  0    Dex: 10    Spells: 3/10 levels left

rFire    . . .     SeeInvis .   (no weapon)
rCold    . . .     Faith    .   (no shield)
rNeg     . . .     Spirit   .   (helmet restricted)
rPois    .         Reflect  .   (no amulet)
rElec    .         Harm     .   (no ring)
rCorr    .         Rampage  .   (no ring)
Will     .....                  (no ring)
Stlth    +++.......             (no ring)
HPRegen  0.11/turn              (no ring)
MPRegen  0.11/turn              (no ring)
                                (no ring)
                                (no ring)

@: no status effects
A: almost no armour, amphibious, 8 rings, camouflage 1, gelatinous body 1,
(nimble swimmer 1), tentacles
a: Renounce Religion


You were on level 3 of the Dungeon.
You worshipped Vehumet.
Vehumet was noncommittal.
You visited 1 branch of the dungeon, and saw 3 of its levels.

You collected 94 gold pieces.

Inventory:

Scrolls
 c - a scroll of teleportation
 d - 2 scrolls of identify {unknown}
 e - a scroll of acquirement {unknown}
 i - a scroll of noise {unknown}
Potions
 a - a potion of berserk rage {unknown}
 b - 3 potions of curing {unknown}
 f - a potion of brilliance {unknown}
 g - a potion of flight {unknown}
 h - a potion of mutation {unknown}
 j - a potion of heal wounds {unknown}


   Skills:
 * Level 2.6 Fighting
 - Level 2.0 Dodging
 - Level 2.6 Stealth
 * Level 3.1 Spellcasting
 * Level 4.9 Conjurations


You had 3 spell levels left.
You knew the following spells:

 Your Spells              Type           Power      Damage    Failure   Level
a - Magic Dart            Conj           100%       1d8       1%          1
b - Searing Ray           Conj           50%        3d5       2%          2
c - Fulminant Prism       Conj/Hex       7%         3d7       41%         4

Your spell library contained the following spells:

 Spells                   Type           Power      Damage    Failure   Level
 Animate Skeleton         Necr           6%         N/A       12%         1
 Apportation              Tloc           6%         N/A       12%         1
 Corona                   Hex            3%         N/A       12%         1
 Summon Small Mammal      Summ           12%        N/A       12%         1
 Dazzling Flash           Conj/Hex       28%        N/A       14%         3
 Iskenderun's Mystic Bla  Conj/Tloc      14%        2d5       41%         4


Dungeon Overview and Level Annotations

Branches:
Dungeon (3/15)

Altars:
Elyvilon
Vehumet

Annotations:
D:3 exclusion: phantom


Innate Abilities, Weirdness & Mutations

You cannot wear most types of armour.
You are amphibious.
You can wear up to eight rings at the same time.
Your skin changes colour to match your surroundings (Stealth+).
Your rubbery body absorbs attacks. (AC +1, EV +1)
((You are camouflaged near water. (Stealth+)))
You have tentacles for arms and can constrict up to eight enemies at once.


Message History

The searing ray hits the orc wizard!
The orc wizard is almost dead.
The orc wizard points at itself and mumbles some strange words.
The orc wizard flickers and vanishes!
Deactivating autopickup; reactivate with Ctrl-A.
The searing ray misses the orc wizard.
The searing ray hits the orc!
You kill the orc!
Vehumet accepts your kill.
You finish channeling your searing ray.
The orc wizard hits you with a +0 dagger.
You have reached level 5!
You feel clever.
Casting: Searing Ray (safe; 2% risk of failure)
Confirm with . or Enter, or press ? or * to list all spells.
Aiming: Searing Ray (safe; 2% risk of failure)
Press: ? - help, Shift-Dir - straight line, p - orc wizard The searing ray hits the orc wizard!
You kill the orc wizard!
Vehumet accepts your kill.
The searing ray hits something. (Press . to maintain the ray.)
The searing ray hits something.
Without enough magic to sustain it, your searing ray dissipates.
A puff of flame appears from out of thin air!
The puff of flame hits you!
You hear some strange, mumbled words.
A puff of flame appears from out of thin air!
The puff of flame hits you!
* * * LOW HITPOINT WARNING * * *
Okay, then.
Okay, then.
You hear some strange, mumbled words.
A puff of flame appears from out of thin air!
The puff of flame hits you!
* * * LOW HITPOINT WARNING * * *
You hear some strange, mumbled words.
Something tries to affect you, but you resist.
A puff of flame appears from out of thin air!
The puff of flame hits you!
You die...

#########.#
#.........#
#.######..# #.#
#..# #### #.# #..#
#... #.# #..# #.##
#.# #..# #.# #.#
#..# #.#
###############@#
#..#####.##
...)..)....{....#
#..........
###############.###
#....[..#.
#...#####.####....
###.##....# #..##
#.##.##.## #.###
#.##.#...###....
#......_......##
#..###..)#.####


There were no monsters in sight!

Vanquished Creatures
  Terence (D:2)
  An orc wizard (D:3)
  3 adders
  A dart slug (D:1)
  3 orcs (D:3)
  4 endoplasms
  6 goblins
  9 hobgoblins
  2 jackals (D:2)
  A quokka (D:2)
  12 ball pythons
  2 bats (D:1)
  A jackal skeleton (D:2)
  5 kobolds
  7 rats
58 creatures vanquished.

Vanquished Creatures (others)
  A giant cockroach (D:1)
1 creature vanquished.

Grand Total: 59 creatures vanquished

Notes
Turn   | Place    | Note
-------+----------+-------------------------------------------
     0 | D:1      | Zeld the Octopode Conjurer began the quest for the Orb.
     0 | D:1      | Reached XP level 1. HP: 11/11 MP: 3/3
   272 | D:1      | Reached XP level 2. HP: 18/18 MP: 0/5
   335 | D:1      | Learned a level 2 spell: Searing Ray
   452 | D:1      | Reached skill level 1 in Fighting
   615 | D:1      | Reached XP level 3. HP: 7/23 MP: 1/6
  1700 | D:2      | Noticed Terence
  1727 | D:2      | Killed Terence
  1728 | D:2      | Reached XP level 4. HP: 20/29 MP: 0/8
  1733 | D:2      | Learned a level 4 spell: Fulminant Prism
  2666 | D:3      | Found a white marble altar of Elyvilon.
  2836 | D:3      | Noticed a phantom
  3197 | D:3      | Found a radiant altar of Vehumet.
  3206 | D:3      | Became a worshipper of Vehumet
  3401 | D:3      | Reached XP level 5. HP: 24/35 MP: 3/9
  3412 | D:3      | HP: 1/35 [something/puff of flame (7)]
  3414 | D:3      | Killed from afar by an orc wizard

Illustrated notes

Levels and vault maps discovered:
D:1:      dpeg_arrival_pond, layout_rooms, lemuel_another_geyser
D:2:      layout_basic, dk_vineyard_1, uniq_terence
D:3:      layout_loops_ring, nicolae_overflow_crystal_walls,
          overflow_temple_1_default, saegor_snake_ambush, uniq_ijyb

Skill      XL: |  1  2  3  4 |
---------------+-------------+-----
Fighting       | 1 2 |  2.6
Spellcasting   | 3 |  3.1
Dodging        | |  2.0
Stealth        | |  2.6
Conjurations   | |  4.9

Action                   |  1- 3 |  4- 6 || total
-------------------------+-------+-------++-------
Melee: Unarmed           |    16 |    14 ||    30
       Constrict         |     3 |     3 ||     6
       Tentacles         |     3 |     2 ||     5
 Cast: Magic Dart        |    49 |    17 ||    66
       Searing Ray       |     2 |    11 ||    13
  Use: Scroll            |       |     1 ||     1
 Stab: Sleeping          |       |     2 ||     2
Armor: Skin              |     3 |     1 ||     4
Dodge: Dodged            |    13 |    17 ||    30

Table legend: (Time is in decaauts)
 A = Elapsed time spent in this place.
 B = Non-inter-level travel time spent in this place.
 C = Inter-level travel time spent in this place.
 D = Time resting spent in this place.
 E = Time spent auto-exploring this place.
 F = Levels seen in this place.
 G = Mean time per level.
                   A        B        C        D        E       F      G
               +--------+--------+--------+--------+--------+-----+--------+
         Total |   3413 |   3392 |     21 |      4 |   3040 |   3 | 1137.7 |
       Dungeon |   3413 |   3392 |     21 |      4 |   3040 |   3 | 1137.7 |
               +--------+--------+--------+--------+--------+-----+--------+

Top non-repeatable levels by time:
     D:1: 1368 daAuts
     D:2: 1292 daAuts
     D:3: 752 daAuts
